AoeStats
← VX | Oblígame Perro!

African Clearing

506800235Analyzed
4v4 RM · 18d ago on Sep 15, 2026· 32m 6s· 8 players
Game mode
Random Map
Map size
Large (8 player)
Population
200
Speed
Normal
Resources
Standard
Victory
Conquest
Starting age
Dark Age
Ending age
Imperial Age
RankedLock teamsTeams togetherTeam positionsShared explorationLock speedFull tech treeHidden civsTurbo modeCheats
Victory
Defeat
🇲🇽 Huns · Mexico
1448
+13
🇩🇰 Maya · Denmark
1431
+13
🇨🇳 Hindustanis · China
1357
+16
🇲🇽 Koreans · Mexico
1324
+18
🇨🇳 Japanese · China
1405
-17
🇳🇿 Lithuanians · New Zealand
1403
-16
🇨🇳 Aztecs · China
1346
-14
🇩🇰 Vietnamese · Denmark
1319
-13
VX | Oblígame Perro!
4:56 Loom
12:23 Feudal Age
12:56 Double-Bit Axe
16:03 Scale Barding Armor
18:02 Forging
18:04 Horse Collar
21:34 Wheelbarrow
25:30 Castle Age
24:49 Fletching
31:07 Bow Saw
VX | Insulini
6:24 Loom
16:35 Feudal Age
17:32 Double-Bit Axe
20:11 Fletching
20:18 Gold Mining
26:13 Castle Age
26:56 Crossbowman
27:36 Bodkin Arrow
28:49 Gold Shaft Mining
30:42 Horse Collar
咚哩个咚
5:51 Loom
13:38 Feudal Age
15:28 Double-Bit Axe
18:05 Castle Age
17:21 Horse Collar
Dongart
12:10 Feudal Age
12:10 Loom
13:04 Double-Bit Axe
15:05 Wheelbarrow
15:48 Horse Collar
21:52 Castle Age
23:15 Bow Saw
23:09 Gold Mining
25:04 Heavy Plow
25:31 Scale Mail Armor
25:41 Forging
25:45 Squires
26:07 Eagle Warrior
27:47 Chain Mail Armor
29:08 Iron Casting
29:16 Arson
29:37 Stone Mining
lag dog dont play game
4:29 Loom
12:41 Feudal Age
15:08 Double-Bit Axe
16:34 Fletching
17:43 Horse Collar
19:20 Padded Archer Armor
JayJayNico
6:20 Loom
13:02 Feudal Age
14:22 Feudal Age
24:39 Castle Age
24:35 Fletching
26:49 Bodkin Arrow
28:28 Double-Bit Axe
huangtmc
4:06 Loom
13:28 Feudal Age
17:35 Castle Age
15:46 Double-Bit Axe
19:03 Wheelbarrow
18:59 Town Watch
21:10 Bow Saw
23:57 Gold Mining
23:58 Stone Mining
25:48 Hand Cart
26:41 Horse Collar
27:12 Fletching
27:22 Padded Archer Armor
27:28 Fishing Lines
27:50 Bodkin Arrow
29:01 Ballistics
29:36 Leather Archer Armor
29:32 Thumb Ring
31:15 Bloodlines
31:06 Husbandry
32:13 Gold Shaft Mining
jakob
4:01 Loom
13:13 Feudal Age
14:53 Man-at-Arms
19:22 Double-Bit Axe
20:28 Man-at-Arms
29:37 Castle Age
31:28 Bow Saw
Connection lost

Rejoining the realm…

Still unreachable

The connection could not be restored.

Session expired

The server has moved on; the page needs a fresh start.